 Dungeon Crawl Stone Soup version 0.18-a0-1683-gf9322e6 (webtiles) character file.

175457 inmateoo the Brawler (level 17, -1/151 HPs)
             Began as a Yellow Draconian Necromancer on Apr 3, 2016.
             Was the Champion of Cheibriados.
             Succumbed to poison (poison gas)
             ... on level 4 of the Swamp.
             The game lasted 01:27:41 (30849 turns).

inmateoo the Brawler (DrNe)                        Turns: 30849, Time: 01:27:41

Health: -1/151     AC: 17    Str: 34    XL:     17   Next: 47%
Magic:  38/40      EV: 25    Int: 36    God:    Cheibriados [******]
Gold:   1644       SH: 20    Dex: 32    Spells: 5 memorised, 20 levels left

rFire  + + +     SeeInvis .       - Unarmed
rCold  + + .     Gourm    .     (armour unavailable)
rNeg   . . .     Faith    .     N - +2 shield {rC+}
rPois  .         Spirit   .     W - +2 hat {rF+}
rElec  .         Dismiss  .     l - +1 cloak
rCorr  +         Reflect  +     M - +1 pair of gloves
SustAt .         Harm     .     E - +1 pair of boots
MR     +....                    r - +4 amulet of reflection
Stlth  +.........               y - ring "Qaleheng" {+Blink rF++ rC+ MP+9 Stlth-}
                                f - +6 ring of dexterity

@: lethally poisoned (-1 -> -10), regenerating, very slow, somewhat resistant to
hostile enchantments, very unstealthy
A: spit acid, acid resistance, unfitting armour, big wings, horns 2, clever 2,
screaming 1, strong 1, acidic bite, cold-blooded, AC +9
a: Spit Acid, Fly, Bend Time, Temporal Distortion, Slouch, Step From Time,
Renounce Religion, Evoke Blink


You were on level 4 of the Swamp.
You worshipped Cheibriados.
Cheibriados was exalted by your worship.
You were not hungry.

You visited 5 branches of the dungeon, and saw 30 of its levels.
You also visited: Ice Cave and Volcano.

You collected 3089 gold pieces.
You spent 1445 gold pieces at shops.

Inventory:

Missiles
 j - 6 poisoned javelins (quivered)
Armour
 l - a +1 cloak (worn)
 E - a +1 pair of boots (worn)
 M - a +1 pair of gloves (worn)
 N - a +2 shield of cold resistance (worn)
 W - a +2 hat of fire resistance (worn)
Jewellery
 f - a +6 ring of dexterity (left hand)
 r - a +4 amulet of reflection (around neck)
 s - an uncursed ring of protection from magic
 y - the ring "Qaleheng" (right hand) {+Blink rF++ rC+ MP+9 Stlth-}
   (You bought it in a shop on level 2 of the Orcish Mines)

   [ring of protection from cold]

   It greatly protects you from fire.
   It protects you from cold.
   It affects your magic capacity (+9).
   It lets you blink.
   It makes you less stealthy.
 H - an uncursed ring of teleportation
Wands
 a - a wand of teleportation (4/9)
 t - a wand of iceblast (2/15)
 v - a wand of teleportation (3/9)
 w - a wand of iceblast (5/15)
 z - a wand of polymorph (0/24)
 G - a wand of acid (9/15)
 L - a wand of digging (0/24)
 P - a wand of lightning (9/15)
 U - a wand of flame (41/48)
 Y - a wand of paralysis (11/24)
Scrolls
 d - 8 scrolls of teleportation
 g - 14 scrolls of remove curse
 o - a scroll of summoning
 q - 3 scrolls of fog
 x - 2 scrolls of identify
 D - 5 scrolls of recharging
 I - a scroll of magic mapping
 K - a scroll of amnesia
 R - 3 scrolls of fear
 V - 3 scrolls of enchant armour
 Z - 2 scrolls of blinking
Potions
 e - 3 potions of resistance
 h - a potion of invisibility
 k - a potion of ambrosia
 p - 13 potions of curing
 A - 6 potions of cancellation
 C - 5 potions of magic
 F - 2 potions of flight
 J - 2 potions of agility
 Q - a potion of cure mutation
 T - 5 potions of lignification
Miscellaneous
 c - a fan of gales
 O - a sack of spiders {used: 1}
Comestibles
 b - 18 bread rations
 i - 16 fruits
 m - 14 meat rations
 u - 14 royal jellies
 B - 3 slices of pizza


   Skills:
 + Level 13.7 Fighting
 + Level 11.0 Dodging
 - Level 1.7 Stealth
 + Level 6.6 Shields
 * Level 18.1 Unarmed Combat
 + Level 10.1 Spellcasting
 - Level 4.1 Charms
 - Level 4.0 Necromancy
 + Level 8.9 Transmutations
 - Level 11.0 Invocations
 - Level 6.0 Evocations


You had 20 spell levels left.
You knew the following spells:

 Your Spells              Type           Power        Failure   Level  Hunger
a - Regeneration          Chrm/Necr      #####.....   4%          3    None
b - Pain                  Necr           ####         1%          1    None
c - Apportation           Tloc           ###.......   8%          1    None
d - Ice Form              Ice/Trmt       ######..     12%         4    None
e - Dragon Form           Trmt           ######....   98%         7    ######.


Dungeon Overview and Level Annotations

Branches:
Dungeon (15/15)            Temple (0/1) D:5            Lair (8/8) D:8
  Swamp (4/4) Lair:6       Spider (0/4) Lair:3        Slime (0/6) Lair:7
    Orc (2/2) D:12            Elf (1/3) Orc:2        Vaults (0/5) D:13
 Depths (0/5) D:15

Altars:
Ashenzari
Cheibriados
Dithmenos
Fedhas
Gozag
Makhleb
Nemelex Xobeh
Pakellas
Qazlal
Zin
The Shining One
Jiyva

Shops:
Orc:2 ?%==

Annotations:
D:13 3 runed doors
Lair:7 exclusion: oklob plant


Innate Abilities, Weirdness & Mutations

You can spit globs of acid.
You are resistant to acid.
Your golden yellow scales are hard (AC +9).
Your body does not fit into most forms of armour.
You have acidic saliva.
You are cold-blooded and may be slowed by cold attacks.
Your large and strong wings let you fly indefinitely.
You have a pair of horns on your head.
Your mind is very acute. (Int +4)
You occasionally shout uncontrollably at your foes.
Your muscles are strong. (Str +2)


Message History

You hear a roar!
You pummel the swamp dragon!! You headbutt the swamp dragon.
You kill the swamp dragon!
Cheibriados thoroughly appreciates the change of pace.
You are engulfed in poison gas.
You are more poisoned.
* * * LOW HITPOINT WARNING * * *
You feel sick.
Casting: Regeneration
Confirm with . or Enter, or press ? or * to list all spells.
Your skin crawls.
You are engulfed in poison gas.
You are more poisoned.
* * * LOW HITPOINT WARNING * * *
You feel sick.
You enter the shallow water.
Moving in this stuff is going to be slow.
You are engulfed in poison gas.
You are more poisoned.
* * * LOW HITPOINT WARNING * * *
You die...

.≈≈≈.§≈.≈≈≈...≈≈≈.≈≈≈♣.≈≈≈≈≈.♣.≈≈
≈..≈≈≈.≈.≈♣♣♣♣≈.....§♣♣≈≈≈≈≈≈..≈≈
..≈≈≈≈..♣♣...§≈≈.≈≈≈≈♣♣.≈≈≈≈≈≈.≈≈
..≈≈≈≈≈≈...≈≈≈≈≈≈≈≈≈≈♣.≈..≈≈≈≈≈..
..≈≈≈≈≈≈..≈≈≈≈≈≈...≈♣♣[..♣≈≈≈≈≈≈≈
♣≈..≈≈..≈.....≈.♣....♣§♣♣≈♣♣♣≈≈≈.
<....≈≈.....≈≈..♣♣....♣♣♣..♣♣≈.≈.
≈.§♣♣.....≈≈≈≈.♣♣♣♣♣♣♣♣≈≈.♣♣♣♣♣≈♣
..........≈.<≈..@§♣ ♣♣..♣ ♣♣♣
...≈≈.....♣♣...§§§♣ *♣♣♣♣
..≈≈≈≈≈........§§§♣♣♣♣♣≈≈♣♣
...≈≈≈....≈.§≈≈≈§§♣♣....≈≈♣
...........≈.≈≈≈..≈.....≈♣*
♣........≈≈≈.≈≈≈≈..†.≈.♣♣♣*
♣♣..♣♣.≈.≈≈♣≈≈≈≈≈.≈≈≈≈..♣,**
♣♣≈/♣≈≈≈.♣♣♣§♣♣≈≈♣♣.≈≈≈≈≈.≈♣
...♣♣≈≈≈.♣ ♣♣*♣♣♣♣♣♣♣≈....♣♣


There were no monsters in sight!

Vanquished Creatures
  Saint Roka (Orc:2)
  Rupert (D:12)
  A tentacled monstrosity (Swamp:4)
  An acid blob (Lair:7)
  Kirke (Lair:5)
  3 thorn hunters
  A frost giant (IceCv)
  Maud (D:13)
  Snorg (Lair:5)
  A fire dragon (D:15)
  4 vault guards (D:13)
  Josephine (Orc:2)
  An ice dragon (D:15)
  16 hydras
  5 ogre magi
  A catoblepas (Lair:5)
  A centaur warrior (D:13)
  11 alligators
  A ghost crab (Swamp:4)
  2 tengu warriors (D:15)
  2 death knights
  4 death yaks
  Urug (D:14)
  6 skeletal warriors (D:12)
  4 deep elf knights (Elf:1)
  A fire crab (Lair:8)
  The ghost of namelastname112 the Grappler, a novice DrMo of Cheibriados (D:8)
  2 unseen horrors
  An orange crystal statue (D:13)
  7 hill giants
  2 necromancers (D:13)
  12 swamp dragons
  A deep elf archer (Elf:1)
  2 lindwurms
  A wizard (D:13)
  6 deep elf magi
  An orb spider (Lair:3)
  3 shambling mangroves
  2 ugly things (D:13)
  4 orc knights
  An orc sorcerer (Orc:2)
  A wolf spider (D:13)
  An oklob plant (Lair:4)
  5 griffons
  2 hornets
  7 cyclopes
  2 manticores
  16 elephants
  3 black mambas
  2 molten gargoyles (Volcano)
  4 gargoyles
  32 spiny frogs
  A kobold demonologist (D:13)
  A yaktaur (shapeshifter) (D:15)
  7 komodo dragons
  2 rime drakes
  A queen bee (Orc:1)
  7 trolls
  6 giant leeches
  19 polar bears (IceCv)
  19 two-headed ogres
  11 slime creatures
  A blink frog (shapeshifter) (D:14)
  16 blink frogs
  A harpy skeleton (D:15)
  5 bog bodies
  2 shadows
  An air elemental (Elf:1)
  Sigmund (D:2)
  9 wraiths
  A wyvern (D:9)
  82 yaks
  6 spriggans
  Eustachio (D:4)
  17 humans (D:13)
  4 basilisks
  13 hippogriffs
  A hungry ghost (D:13)
  19 vampire mosquitoes
  2 wargs
  14 swamp worms
  3 mottled dragons
  15 insubstantial wisps
  21 water moccasins
  8 porcupines
  Duvessa (D:4)
  A black bear (D:7)
  4 sky beasts
  10 swamp drakes
  20 orc warriors
  6 necrophages
  13 wasps
  39 ogres
  5 ice beasts
  4 boggarts (D:15)
  36 wolves
  8 centaurs
  11 crocodiles
  5 big kobolds
  33 giant frogs
  A wyvern zombie (D:12)
  Dowan (D:4)
  2 scorpions
  38 killer bees
  5 wights (D:14)
  5 electric eels (Lair:8)
  11 howler monkeys
  9 crimson imps
  4 lava snakes (D:7)
  4 giant frog zombies
  Crazy Yiuf (D:3)
  A jelly (D:12)
  6 hounds
  3 centaur zombies
  A centaur skeleton (D:10)
  15 orc priests
  25 orc wizards
  13 iguanas
  Terence (D:3)
  7 hell rats
  Natasha (D:4)
  13 worker ants
  Ijyb (D:2)
  2 killer bee zombies
  12 sheep
  A hound zombie (D:9)
  Robin (D:2)
  12 adders
  8 gnolls
  55 river rats
  6 shadow imps
  2 oozes
  2 adder zombies
  2 adder skeletons
  3 worms
  8 giant geckos
  77 orcs
  2 giant cockroaches
  11 goblins
  7 hobgoblins
  20 jackals
  24 kobolds
  7 quokkas
  A ball python (D:4)
  17 bats
  8 giant newts
  23 rats
  A briar patch (Swamp:3)
  A fungus (D:3)
1188 creatures vanquished.

Vanquished Creatures (collateral kills)
  An ice dragon (Lair:6)
  2 hydras
  A spiny frog (Lair:5)
  A giant leech (Lair:6)
  A hog (Lair:5)
  A naga (Lair:4)
  3 wolves
  A fungus (Lair:3)
  A plant (Lair:3)
12 creatures vanquished.

Vanquished Creatures (others)
  A komodo dragon (Lair:5)
  3 humans (Lair:5)
  A spriggan (Swamp:3)
  A wasp (Swamp:3)
  An orc (Orc:2)
  74 fungi
  29 plants
110 creatures vanquished.

Grand Total: 1310 creatures vanquished

Notes
Turn   | Place    | Note
--------------------------------------------------------------
     0 | D:1      | inmateoo the Draconian Necromancer began the quest for the Orb.
     0 | D:1      | Reached XP level 1. HP: 14/14 MP: 3/3
    58 | D:1      | Reached skill level 1 in Fighting
   229 | D:1      | Reached XP level 2. HP: 24/24 MP: 5/5
   740 | D:2      | Found a glowing silver altar of Zin.
   741 | D:2      | Noticed an angel
   780 | D:2      | Noticed Ijyb
   790 | D:2      | Killed Ijyb
   790 | D:2      | Reached XP level 3. HP: 30/31 MP: 6/6
   811 | D:2      | Found a stormy altar of Qazlal.
   816 | D:2      | Noticed Robin
  1002 | D:2      | Reached XP level 4. HP: 38/40 MP: 7/7
  1309 | D:2      | Killed Robin
  1537 | D:2      | Noticed Sigmund
  1712 | D:2      | Killed Sigmund
  1712 | D:2      | Reached XP level 5. HP: 33/51 MP: 8/8
  1885 | D:3      | Reached XP level 6. HP: 52/58 MP: 9/9
  2137 | D:3      | Found an opulent altar of Gozag.
  2193 | D:3      | Noticed Terence
  2207 | D:3      | Killed Terence
  2277 | D:3      | Noticed Crazy Yiuf
  2283 | D:3      | Paralysed by Crazy Yiuf for 2 turns
  2303 | D:3      | Killed Crazy Yiuf
  3157 | D:4      | Found a sparkling altar of Nemelex Xobeh.
  3180 | D:4      | Noticed Duvessa
  3180 | D:4      | Noticed Dowan
  3187 | D:4      | Your scales start taking on a golden yellow colour.
  3187 | D:4      | Reached XP level 7. HP: 65/68 MP: 10/10
  3272 | D:4      | Noticed Natasha
  3280 | D:4      | Killed Natasha
  3312 | D:4      | Learned a level 3 spell: Regeneration
  3414 | D:4      | Noticed Eustachio
  3430 | D:4      | Killed Eustachio
  3430 | D:4      | Reached skill level 1 in Unarmed Combat
  3461 | D:4      | Killed Duvessa
  3461 | D:4      | Reached skill level 1 in Charms
  3465 | D:4      | Killed Dowan
  3465 | D:4      | Reached skill level 2 in Unarmed Combat
  3867 | D:5      | Entered Level 5 of the Dungeon
  3887 | D:5      | Found a snail-covered altar of Cheibriados.
  3897 | D:5      | Became a worshipper of Cheibriados the Contemplative
  3953 | D:5      | Found a staircase to the Ecumenical Temple.
  4122 | D:5      | Reached XP level 8. HP: 75/75 MP: 12/12
  4124 | D:5      | Reached skill level 3 in Unarmed Combat
  4133 | D:5      | Found a glowing golden altar of the Shining One.
  4313 | D:5      | Found a burning altar of Makhleb.
  4462 | D:5      | Found an oddly glowing altar of Pakellas.
  4583 | D:5      | Reached skill level 1 in Invocations
  4652 | D:6      | Reached * piety under Cheibriados
  5336 | D:6      | Reached skill level 4 in Unarmed Combat
  5456 | D:7      | Reached ** piety under Cheibriados
  5456 | D:7      | Reached skill level 1 in Shields
  5619 | D:7      | Reached XP level 9. HP: 73/83 MP: 14/14
  5700 | D:7      | Reached skill level 5 in Unarmed Combat
  6005 | D:7      | Got a slimy whip
  6006 | D:7      | Identified the cursed +3 whip of Nosag {freeze, Stlth+} (You found it on level 7 of the Dungeon)
  6206 | D:7      | Reached *** piety under Cheibriados
  6460 | D:7      | Reached skill level 6 in Unarmed Combat
  6578 | D:8      | Got a pitted shortbow
  6584 | D:8      | Identified the +10 shortbow "Kyshryong" {velocity, *Corrode rElec rPois Int+6} (You found it on level 8 of the Dungeon)
  6636 | D:8      | Gained mutation: You have a pair of small horns on your head. [mutagenic meat]
  6637 | D:8      | Gained mutation: You possess an exceptional clarity of mind. [mutagenic meat]
  6791 | D:8      | Reached **** piety under Cheibriados
  6897 | D:8      | Reached XP level 10. HP: 63/91 MP: 11/16
  7042 | D:8      | Found a staircase to the Lair.
  7111 | D:8      | Found a blossoming altar of Fedhas.
  7159 | D:8      | Noticed namelastname112's ghost (novice DrMo)
  7889 | D:9      | Reached ***** piety under Cheibriados
  7899 | D:9      | Reached skill level 5 in Dodging
  8097 | D:9      | Reached skill level 7 in Unarmed Combat
  8106 | D:9      | Reached skill level 5 in Spellcasting
  8240 | D:9      | Reached skill level 10 in Fighting
  8860 | D:10     | Entered Level 10 of the Dungeon
  9218 | D:10     | Reached skill level 5 in Invocations
  9225 | D:10     | Noticed a cyclops
  9243 | D:10     | Killed a cyclops
  9243 | D:10     | Reached skill level 8 in Unarmed Combat
  9551 | D:10     | Killed an unseen horror
  9551 | D:10     | Reached XP level 11. HP: 34/99 MP: 19/19
  9832 | D:10     | Noticed a hill giant
 10043 | D:10     | Killed a hill giant
 10563 | D:11     | Learned a level 1 spell: Apportation
 10706 | D:11     | Noticed a hill giant
 10713 | D:11     | Killed a hill giant
 10715 | D:11     | Reached skill level 9 in Unarmed Combat
 10946 | D:11     | Noticed a hill giant
 10952 | D:11     | Killed a hill giant
 10997 | D:11     | Noticed Sonja
 10999 | D:11     | Noticed Sonja
 10999 | D:11     | Sonja changed into Sonja the water moccasin
 11005 | D:11     | Killed Sonja the water moccasin
 11662 | D:12     | Lost mutation: You possess an exceptional clarity of mind. [mutagenic meat]
 11663 | D:12     | Gained mutation: You are clumsy. (Dex -2) [mutagenic meat]
 11670 | D:12     | Found a staircase to the Orcish Mines.
 11670 | D:12     | Noticed a death knight
 11670 | D:12     | Noticed a skeletal warrior
 11670 | D:12     | Noticed a skeletal warrior
 11715 | D:12     | Reached skill level 10 in Unarmed Combat
 11990 | Lair:1   | Entered Level 1 of the Lair of Beasts
 12237 | Lair:1   | Noticed an eight-headed hydra
 12243 | Lair:1   | Killed an eight-headed hydra
 12305 | Lair:1   | Reached ****** piety under Cheibriados
 12826 | Lair:2   | Reached XP level 12. HP: 89/106 MP: 20/20
 12879 | Lair:2   | Noticed a five-headed hydra
 12887 | Lair:2   | Killed a five-headed hydra
 12887 | Lair:2   | Reached skill level 11 in Unarmed Combat
 12892 | Lair:2   | HP: 5/106 [black mamba (6)]
 13885 | Lair:3   | Noticed an eight-headed hydra
 14001 | Lair:3   | Found a dark tunnel.
 14011 | Volcano  | Entered a volcano
 14384 | Lair:3   | Found a hole to the Spider Nest.
 14616 | Lair:3   | Reached skill level 12 in Unarmed Combat
 14622 | Lair:3   | Killed an eight-headed hydra
 15876 | Lair:4   | Noticed an eight-headed hydra
 15881 | Lair:4   | Killed an eight-headed hydra
 16277 | Lair:5   | Noticed an eight-headed hydra
 16285 | Lair:5   | Killed an eight-headed hydra
 16454 | Lair:5   | Reached XP level 13. HP: 113/113 MP: 15/21
 16462 | Lair:5   | Reached skill level 10 in Invocations
 16888 | Lair:5   | Noticed Snorg
 16894 | Lair:5   | Killed Snorg
 16894 | Lair:5   | Reached skill level 13 in Unarmed Combat
 16895 | Lair:5   | Noticed Kirke
 16907 | Lair:5   | Killed Kirke
 17774 | Lair:6   | Found a staircase to the Swamp.
 17792 | Lair:6   | Found a frozen archway.
 17865 | IceCv    | Entered an ice cave
 18341 | IceCv    | Reached skill level 14 in Unarmed Combat
 18491 | IceCv    | Noticed a frost giant
 18502 | IceCv    | Reached skill level 10 in Dodging
 18561 | IceCv    | Killed a frost giant
 18685 | IceCv    | Learned a level 4 spell: Ice Form
 18895 | Lair:6   | Reached skill level 1 in Transmutations
 19303 | Lair:7   | Gained mutation: You have acidic saliva. [Yellow Draconian growth]
 19303 | Lair:7   | Reached XP level 14. HP: 122/122 MP: 22/22
 19483 | Lair:7   | Found a viscous altar of Jiyva.
 19483 | Lair:7   | Found a staircase to the Slime Pits.
 19485 | Lair:7   | Noticed an acid blob
 19492 | Lair:7   | Killed an acid blob
 19664 | Lair:7   | Reached skill level 15 in Unarmed Combat
 20110 | Lair:8   | Entered Level 8 of the Lair of Beasts
 20923 | Lair:8   | Reached skill level 5 in Transmutations
 21238 | Lair:8   | Reached XP level 15. HP: 132/132 MP: 26/26
 21257 | Lair:8   | Learned a level 7 spell: Dragon Form
 21262 | Lair:8   | Got a pitted battleaxe
 21263 | Lair:8   | Identified the +6 battleaxe of the Doomed Warrior {freeze, rElec Dex+4 Stlth-} (You found it on level 8 of the Lair of Beasts)
 21795 | D:12     | Reached skill level 16 in Unarmed Combat
 21866 | D:12     | Reached skill level 1 in Evocations
 21963 | D:12     | Noticed Rupert
 21968 | D:12     | Paralysed by Rupert for 5 turns
 22455 | D:13     | Lost mutation: You are clumsy. (Dex -2) [mutagenic meat]
 22456 | D:13     | Gained mutation: You are clumsy. (Dex -2) [mutagenic meat]
 22457 | D:13     | Gained mutation: Your muscles are strong. (Str +2) [mutagenic meat]
 22458 | D:13     | Gained mutation: You occasionally shout uncontrollably at your foes. [mutagenic meat]
 22517 | D:13     | Noticed Maud
 22527 | D:13     | Killed Maud
 22706 | D:13     | Found a runed door.
 22764 | D:13     | Found a runed door.
 22775 | D:13     | Found a runed door.
 22794 | D:13     | Found a runed door.
 23151 | D:13     | Found a gate to the Vaults.
 23490 | D:13     | Identified a scroll of acquirement
 23498 | D:13     | Lost mutation: You are clumsy. (Dex -2) [mutagenic meat]
 23639 | D:13     | You fall through a shaft for 2 floors!
 23639 | D:15     | Entered Level 15 of the Dungeon
 23684 | D:15     | Gained mutation: Your mind is acute. (Int +2) [mutagenic meat]
 23686 | D:15     | Gained mutation: Your large and strong wings let you fly indefinitely. [mutagenic meat]
 23731 | D:15     | Found a staircase to the Depths.
 24272 | D:15     | Gained mutation: You have a pair of horns on your head. [potion of mutation]
 24272 | D:15     | Gained mutation: Your mind is very acute. (Int +4) [potion of mutation]
 24453 | D:14     | Found a shattered altar of Ashenzari.
 24761 | D:14     | Found a shadowy altar of Dithmenos.
 24765 | D:14     | Noticed Urug
 24770 | D:14     | Killed Urug
 25457 | D:12     | Paralysed by Rupert for 3 turns
 25461 | D:12     | Killed Rupert
 25461 | D:12     | Reached skill level 17 in Unarmed Combat
 25461 | D:12     | Reached XP level 16. HP: 99/141 MP: 25/28
 25557 | Orc:1    | Entered Level 1 of the Orcish Mines
 26172 | Orc:2    | Entered Level 2 of the Orcish Mines
 26298 | Orc:2    | Noticed Josephine
 26302 | Orc:2    | Killed Josephine
 26304 | Orc:2    | Reached skill level 5 in Evocations
 26443 | Orc:2    | Found Liczueju's Jewellery Boutique.
 26443 | Orc:2    | Found Methru's Food Shoppe.
 26443 | Orc:2    | Found Epetar's Jewellery Shoppe.
 26443 | Orc:2    | Found Unonti's Magic Scroll Shop.
 26459 | Orc:2    | Bought the ring "Qaleheng" {+Blink rF++ rC+ MP+9 Stlth-} for 826 gold pieces
 26467 | Orc:2    | Bought a +4 amulet of reflection for 325 gold pieces
 26471 | Orc:2    | Bought a scroll of identify for 28 gold pieces
 26471 | Orc:2    | Bought a scroll of identify for 28 gold pieces
 26471 | Orc:2    | Bought a scroll of blinking for 105 gold pieces
 26471 | Orc:2    | Bought a scroll of teleportation for 42 gold pieces
 26471 | Orc:2    | Bought a scroll of teleportation for 42 gold pieces
 26471 | Orc:2    | Bought a scroll of magic mapping for 49 gold pieces
 26699 | Orc:2    | Found a staircase to the Elven Halls.
 26708 | Orc:2    | Noticed Saint Roka
 26879 | Orc:2    | Killed Saint Roka
 27245 | Elf:1    | Entered Level 1 of the Elven Halls
 27252 | Elf:1    | Reached skill level 5 in Shields
 27465 | D:8      | Killed namelastname112's ghost
 27588 | Swamp:1  | Entered Level 1 of the Swamp
 29328 | Swamp:3  | Reached XP level 17. HP: 65/150 MP: 30/30
 30084 | Swamp:3  | Reached skill level 10 in Spellcasting
 30303 | Swamp:4  | Entered Level 4 of the Swamp
 30339 | Swamp:4  | Noticed a tentacled monstrosity
 30351 | Swamp:4  | Killed a tentacled monstrosity
 30351 | Swamp:4  | Reached skill level 18 in Unarmed Combat
 30849 | Swamp:4  | HP: 3/151 [something (32)]
 30849 | Swamp:4  | Succumbed to poison (poison gas)

Vault maps used:
D:1:      minmay_arrival_stair_chambers, serial_bayou_pond_c, minivault_14
D:2:      overflow_temple_1_default, zin_angel, uniq_iyjb, uniq_sigmund,
          uniq_robin
D:3:      grunt_gozag_breadcrumbs, first_bread, uniq_crazy_yiuf_cottage,
          uniq_terence
D:4:      nemelex_deck, hangedman_decor_peaks_small, uniq_natasha, uniq_duvessa,
          uniq_eustachio
D:5:      lemuel_coloured_pillars_altar, slow_altar_1, kennysheep_mini,
          minmay_temple_entry_mist, minmay_misc_feat_cross, bloody_makhleb
D:6:      serial_bayou_ford_a
D:7:      kennysheep_big_flooded_room, the_bakery
D:8:      grunt_lair_entry_orc_guard_hut, fedhas_altar_3
D:11:     uniq_sonja
D:12:     orc_0_dummy, uniq_rupert
D:13:     grunt_vaults_entry_tiered, minmay_statue_crystal_thing, uniq_maud
D:14:     nicolae_dithmenos_the_darkroom, nicolae_ashenzari_panopticon,
          uniq_urug
D:15:     grunt_enter_depths_hoard, roderic_lattice_a, serial_park_tiny_pond
Lair:1:   lemuel_fruit_tree
Lair:2:   kennysheep_rathole, minivault_19, grunt_megastairs_1
Lair:3:   nicolae_spider_entry_orb_guardian, lightli_volcano_entry_magma_tube,
          serial_bayou_shore_a, infiniplex_staircase_pool
Lair:4:   infiniplex_staircase_pool_2
Lair:5:   kennysheep_abandoned_house, kennysheep_catoblepas_arena, uniq_kirke,
          uniq_snorg
Lair:6:   minmay_swamp_entry_worms, portal_ice_cave_entry_dragon,
          lemuel_old_faithful
Lair:7:   slime_altar_1, grunt_megastairs_3, serial_bayou_shore_b,
          lemuel_fruit_fields
Lair:8:   minmay_lair_end_frog_pond
Swamp:1:  hangedman_swamp_ruin_hall
Swamp:2:  nicolae_swamp_very_dense_foliage, swamp_pool1
Swamp:3:  evilmike_swamp_ruin_house_6, swamp_pool1
Swamp:4:  swamp_basic_johnstein, swamp_pool5, roderic_carrion_pond
Orc:1:    special_room
Orc:2:    st_orc_ogre_mass, uniq_saint_roka, uniq_josephine
Elf:1:    serial_shops, shop, hangedman_elf_disciples, grunt_megastairs_2,
          uniq_louise
IceCv:    ice_cave_caverns_03
Volcano:  volcano_aerie

Skill      XL: |  1  2  3  4  5  6  7  8  9 10 11 12 13 14 15 16 17 |
---------------+----------------------------------------------------+-----
Fighting       | 1 3 4 6 8 9 10 11 12 13 | 13.7
Dodging        | 2 3 4 5 7 8 10 11 | 11.0
Unarmed Combat | 2 4 6 8 10 12 14 15 17 18 | 18.1
Charms         | 1 2 3 4 |  4.1
Invocations    | 2 4 5 7 9 11 | 11.0
Spellcasting   | 3 4 5 7 8 9 10 | 10.1
Shields        | 1 2 4 5 6 |  6.6
Transmutations | 1 5 6 8 |  8.9
Evocations     | 4 6 |  6.0
Stealth        | |  1.7
Necromancy     | |  4.0

Action                   |  1- 3 |  4- 6 |  7- 9 | 10-12 | 13-15 | 16-18 || total
-------------------------+-------+-------+-------+-------+-------+-------++-------
Melee: Unarmed           |    15 |       |       |       |   992 |   713 ||  1720
       Dagger            |    69 |    23 |       |       |       |       ||    92
       Spear             |       |   158 |   381 |   860 |   153 |       ||  1552
Throw: Javelin           |     1 |       |     5 |    19 |     1 |       ||    26
 Cast: Pain              |     5 |       |       |       |       |       ||     5
       Regeneration      |       |       |     2 |     1 |    67 |    76 ||   146
       Ice Form          |       |       |       |       |     1 |       ||     1
       Apportation       |       |       |       |       |       |     1 ||     1
Invok: Slouch            |       |       |     1 |     7 |     9 |     7 ||    24
       Temporal Distorti |       |       |       |     2 |     1 |     4 ||     7
       Step From Time    |       |       |       |       |       |     1 ||     1
 Abil: Spit Acid         |       |       |     3 |     2 |       |       ||     5
       End Transformatio |       |       |       |       |     1 |       ||     1
Evoke: Wand              |       |     2 |       |     4 |       |     3 ||     9
       Deck              |       |       |       |    16 |     5 |       ||    21
       Fan of gales      |       |       |       |       |     1 |       ||     1
       Sack of spiders   |       |       |       |       |     1 |       ||     1
  Use: Potion            |     1 |     1 |     1 |     5 |     7 |    12 ||    27
       Scroll            |     3 |     6 |    11 |    17 |    17 |     5 ||    59
 Stab: Sleeping          |     1 |     5 |    13 |    18 |     7 |       ||    44
       Invisible         |       |       |     5 |       |       |       ||     5
       Distracted        |       |       |       |     9 |     9 |     2 ||    20
       Confused          |       |       |       |       |       |     1 ||     1
  Eat: Chunk             |       |     8 |    11 |    15 |    18 |     3 ||    55
       Fruit             |       |       |       |     3 |       |       ||     3
       Pizza             |       |       |       |     3 |       |     3 ||     6
       Meat ration       |       |       |       |       |     1 |       ||     1
       Beef jerky        |       |       |       |       |     9 |     1 ||    10
       Royal jelly       |       |       |       |       |     2 |       ||     2
       Bread ration      |       |       |       |       |       |     1 ||     1
